 Dungeon Crawl Stone Soup version 0.26-a0-1049-g242049e08c (webtiles) character file.

Game seed: 15532677170620169472

2151 ANON1729 the Skirmisher (level 9, 0/92 (93) HPs)
             Began as an Ogre Summoner on Dec 12, 2020.
             Was a Priest of Sif Muna.
             Slain by a hornet (13 damage)
             ... while paralysed by a hornet
             ... on level 7 of the Dungeon.
             The game lasted 00:15:03 (10976 turns).

ANON1729 the Skirmisher (Ogre Summoner)            Turns: 10976, Time: 00:15:04

HP:   0/92 (93)     AC:  5    Str: 14      XL:     9   Next: 31%
MP:   9/16          EV:  1    Int: 25      God:    Sif Muna [***...]
Gold: 294           SH:  0    Dex:  8 (9)  Spells: 8/18 levels left

rFire    + . .     SeeInvis .   v - +3 short sword (elec)
rCold    . . .     Faith    .   (no shield)
rNeg     . . .     Spirit   .   w - +0 robe {rF+}
rPois    .         Reflect  .   r - +2 hat
rElec    .         Harm     .   (no cloak)
rCorr    .         Rampage  .   (gloves unavailable)
Will     .....                  (boots unavailable)
Stlth    +.........             (no amulet)
HPRegen  0.25/turn              b - +6 ring of intelligence
MPRegen  0.15/turn              (no ring)

@: paralysed, lethally poisoned (0 -> -5), slowed
A: large, unfitting armour, tough skin 1
a: Channel Magic, Forget Spell, Renounce Religion


You were on level 7 of the Dungeon.
You worshipped Sif Muna.
Sif Muna was most pleased with you.
You visited 1 branch of the dungeon, and saw 7 of its levels.

You collected 294 gold pieces.

Inventory:

Hand Weapons
 i - a +2 vampiric dagger
 v - a +3 short sword of electrocution (weapon)
Missiles
 c - 29 poisoned darts (quivered)
 A - 4 curare-tipped darts
Armour
 a - a +0 robe
 r - a +2 hat (worn)
 w - a +0 robe of fire resistance (worn)
Jewellery
 b - a +6 ring of intelligence (left hand)
 z - an uncursed amulet of guardian spirit {unknown}
Wands
 u - a wand of iceblast (11)
 x - a wand of disintegration (17)
Scrolls
 h - a scroll of magic mapping
 m - 4 scrolls of teleportation
 q - 5 scrolls of remove curse
 s - 2 scrolls of fog
 y - a scroll of identify
Potions
 d - 4 potions of haste
 e - 2 potions of magic
 f - 2 potions of flight {unknown}
 g - a potion of brilliance {unknown}
 j - 2 potions of heal wounds {unknown}
 k - 2 potions of might {unknown}
 l - 2 potions of lignification {unknown}
 n - a potion of curing
 o - 3 potions of cancellation {unknown}
 p - a potion of invisibility {unknown}
 t - a potion of resistance {unknown}


   Skills:
 * Level 7.2 Fighting
 + Level 3.2 Short Blades
 + Level 4.1 Dodging
 - Level 1.4 Stealth
 + Level 5.3 Spellcasting
 * Level 6.4 Summonings
 * Level 4.5 Ice Magic


You had 8 spell levels left.
You knew the following spells:

 Your Spells              Type           Power        Failure   Level
a - Summon Small Mammal   Summ           ####         1%          1
b - Call Imp              Summ           #####...     1%          2
c - Call Canine Familiar  Summ           #####...     1%          3
d - Summon Ice Beast      Ice/Summ       ####....     9%          4

Your spell library contained the following spells:

 Spells                   Type           Power        Failure   Level
 Ensorcelled Hibernation  Hex/Ice        ###...       4%          2
 Summon Guardian Golem    Hex/Summ       ###.....     6%          3
 Corona                   Hex            #......      9%          1
 Summon Lightning Spire   Summ/Air       ###.....     22%         4
 Confusing Touch          Hex            #.......     24%         3
 Dazzling Flash           Conj/Hex       #.....       24%         3
 Tukima's Dance           Hex            #.......     24%         3


Dungeon Overview and Level Annotations

Branches:
Dungeon (7/15)             Temple (0/1) D:5

Altars:
Ashenzari
Hepliaklqana
Ru
Sif Muna
Trog
Wu Jian
Zin
The Shining One

Shops:
D:4 *


Innate Abilities, Weirdness & Mutations

You are too large for most types of armour.
You have tough skin. (AC +1)


Message History

Aim: a hornet (moderately wounded, chance to affect: 56%)
The hornet resists with significant effort.
The hornet stings you.
You feel as though you will be slow longer.
The hornet stings you!
You feel as though you will be slow longer.
Casting: Call Canine Familiar (safe; 1% risk of failure)
Confirm with . or Enter, or press ? or * to list all spells.
A chill wind blows around you. The hornet stings you.
You are poisoned.
You feel as though you will be slow longer.
The hornet stings you!
* * * LOW HITPOINT WARNING * * *
You feel as though you will be slow longer.
Casting: Summon Ice Beast (dangerous; 9% risk of failure)
Confirm with . or Enter, or press ? or * to list all spells.
You feel sick. The hornet stings you!
* * * LOW HITPOINT WARNING * * *
You suddenly lose the ability to move!
The hornet stings you!
You die...

≈≈≈≈.## ≈
≈≈≈≈.####.≈ #
###≈≈≈≈≈≈..≈≈
...#...≈≈≈≈≈≈≈≈≈
......(.(..≈≈≈≈≈≈
.>.......(######
##....#...Y##
#...####..y##
##..# ###.@##
#..# ##h†## #..#
##..### #..#
#....## #..#
##....# ##.##
##...# # #...##
#...# # #
##....#### ##..##
#.. ##
##........##
#...# #...


You could see a hornet, a friendly ice beast (summoned) and a friendly wolf
(summoned).

Vanquished Creatures
  2 phantoms
  A necrophage (D:6)
  3 ogres
  3 centaurs
  A bullfrog (D:7)
  2 scorpions
  A water moccasin zombie (D:5)
  A water moccasin skeleton (D:5)
  3 howler monkeys (D:5)
  A quasit (D:7)
  3 hounds
  A jelly (D:7)
  An orc wizard (D:4)
  A bullfrog skeleton (D:5)
  9 worker ants
  A worker ant zombie (D:5)
  6 adders
  A white imp (D:7)
  2 ufetubi
  2 oozes (D:3)
  2 adder zombies
  3 adder skeletons
  A worm (D:3)
  2 dart slugs
  4 leopard geckos
  4 orcs (D:4)
  5 giant cockroaches
  12 goblins
  8 hobgoblins
  7 jackals
  9 quokkas
  A ball python (D:1)
  10 bats
  4 frilled lizards
  2 kobolds
  A quokka skeleton (D:4)
  12 rats
132 creatures vanquished.

Vanquished Creatures (collateral kills)
  Sigmund (D:6)
  Menkaure (D:6)
  An ice beast (D:3)
  2 centaurs (D:6)
  Blork the orc (D:4)
  A jelly (D:3)
  An orc priest (D:4)
  3 gnolls (D:6)
  5 adders
  A white imp (D:6)
  A worm (D:2)
  A dart slug (D:1)
  5 orcs
  A giant cockroach (D:1)
  4 goblins
  2 hobgoblins (D:1)
  2 kobolds (D:1)
  A quokka zombie (D:6)
  A rat (D:1)
35 creatures vanquished.

Vanquished Creatures (others)
  2 plants (D:1)
2 creatures vanquished.

Grand Total: 169 creatures vanquished

Notes
Turn   | Place    | Note
-------+----------+-------------------------------------------
     0 | D:1      | ANON1729 the Ogre Summoner began the quest for the Orb.
     0 | D:1      | Reached XP level 1. HP: 16/16 MP: 3/3
   555 | D:1      | Reached XP level 2. HP: 26/26 MP: 5/5
  1319 | D:1      | Reached skill level 1 in Fighting
  1334 | D:1      | Reached XP level 3. HP: 13/33 MP: 7/7
  2329 | D:1      | You fall into a shaft and drop 1 floor!
  2389 | D:2      | Found a faded altar of an unknown god.
  2400 | D:2      | Became a worshipper of Sif Muna the Loreminder
  2400 | D:2      | Reached * piety under Sif Muna
  2537 | D:2      | Reached XP level 4. HP: 42/42 MP: 8/8
  3082 | D:2      | Reached skill level 2 in Fighting
  3572 | D:2      | Reached XP level 5. HP: 47/50 MP: 10/10
  3879 | D:2      | Found a sacrificial altar of Ru.
  4189 | D:2      | Learned a level 2 spell: Call Imp
  4193 | D:2      | Learned a level 3 spell: Call Canine Familiar
  4198 | D:2      | Learned a level 4 spell: Summon Ice Beast
  4225 | D:3      | Found a glowing golden altar of the Shining One.
  5007 | D:3      | Reached ** piety under Sif Muna
  5032 | D:3      | Reached skill level 1 in Short Blades
  5093 | D:3      | Found a hazy altar of Hepliaklqana.
  5119 | D:3      | Noticed an ice beast
  5147 | D:3      | Killed an ice beast
  5148 | D:3      | Reached skill level 3 in Fighting
  5148 | D:3      | Reached skill level 1 in Ice Magic
  5148 | D:3      | Reached XP level 6. HP: 38/61 MP: 2/11
  5285 | D:3      | Found a bloodstained altar of Trog.
  5602 | D:4      | Noticed a phantom
  5672 | D:4      | Killed a phantom
  5888 | D:4      | Noticed Blork the orc
  5902 | D:4      | Killed Blork the orc
  5903 | D:4      | Reached skill level 4 in Fighting
  5903 | D:4      | Reached XP level 7. HP: 50/70 MP: 10/13
  6135 | D:4      | Reached skill level 5 in Summonings
  6414 | D:4      | Found Zin's Purification Station.
  6417 | D:4      | Found a glowing silver altar of Zin.
  7262 | D:5      | Entered Level 5 of the Dungeon
  7589 | D:5      | Found a staircase to the Ecumenical Temple.
  8066 | D:5      | Reached skill level 5 in Fighting
  8140 | D:5      | Reached XP level 8. HP: 74/80 MP: 14/14
  8544 | D:5      | Reached *** piety under Sif Muna
  8829 | D:6      | Noticed Menkaure
  8849 | D:6      | Killed Menkaure
  9287 | D:6      | Reached skill level 6 in Fighting
  9726 | D:6      | Noticed Sigmund
  9735 | D:6      | Killed Sigmund
  9736 | D:6      | Reached skill level 5 in Spellcasting
 10114 | D:7      | Noticed a hornet
 10182 | D:7      | Reached XP level 9. HP: 91/91 MP: 16/16
 10585 | D:7      | Reached skill level 7 in Fighting
 10769 | D:7      | Found a broken altar of Ashenzari.
 10769 | D:7      | Found a shimmering blue altar of Sif Muna.
 10769 | D:7      | Found an ornate altar of the Wu Jian Council.
 10976 | D:7      | Paralysed by a hornet for 2 turns
 10976 | D:7      | Slain by a hornet

Illustrated notes

Levels and vault maps discovered:
D:1:      evilmike_arrival_crescent, layout_basic, serial_forest,
          infiniplex_forest_clump_C, infiniplex_forest_corner_1,
          infiniplex_forest_clump_tiny, infiniplex_forest_straight_2,
          infiniplex_forest_clump_small, minmay_tromino_i4
D:2:      layout_basic, marbit_many_paths, chequers_ecumenical_altar_simple,
          minmay_misc_feat_five
D:3:      layout_basic, lemuel_coloured_pillars_altar, general_overflow_altar,
          corexii_leaking_fountain, bloody_trog
D:4:      layout_cave_pods, zin_purify, uniq_blork_the_orc
D:5:      layout_cave_pods, minmay_temple_entry_waves
D:6:      layout_basic, uniq_sigmund, uniq_menkaure
D:7:      layout_layer_cave, gammafunk_temple_overflow_claw, kennysheep_donut,
          centaur_isle

Skill      XL: |  1  2  3  4  5  6  7  8  9 |
---------------+----------------------------+-----
Dodging        | 2 3 4 |  4.1
Spellcasting   | 3 4 5 |  5.3
Fighting       | 1 2 3 4 5 6 7 |  7.2
Summonings     | 4 5 6 |  6.4
Short Blades   | 1 2 3 |  3.2
Ice Magic      | 1 2 4 |  4.5
Stealth        | |  1.4

Action                   |  1- 3 |  4- 6 |  7- 9 || total
-------------------------+-------+-------+-------++-------
Melee: Unarmed           |    71 |       |       ||    71
       Short sword       |    98 |       |   253 ||   351
       Dagger            |    37 |   230 |       ||   267
Throw: Dart              |       |       |     4 ||     4
 Cast: Summon Small Mamm |    14 |    27 |       ||    41
       Call Imp          |       |     9 |     1 ||    10
       Call Canine Famil |       |     2 |     8 ||    10
       Summon Ice Beast  |       |       |    10 ||    10
Evoke: Wand              |       |       |     6 ||     6
  Use: Potion            |       |     2 |       ||     2
       Scroll            |       |       |     7 ||     7
 Stab: Sleeping          |     2 |     7 |     1 ||    10
       Distracted        |       |     2 |     1 ||     3
Armor: Robe              |    67 |    52 |    89 ||   208
Dodge: Dodged            |   140 |   106 |   162 ||   408

Table legend: (Time is in decaauts)
 A = Elapsed time spent in this place.
 B = Non-inter-level travel time spent in this place.
 C = Inter-level travel time spent in this place.
 D = Time resting spent in this place.
 E = Time spent auto-exploring this place.
 F = Levels seen in this place.
 G = Mean time per level.
                   A        B        C        D        E       F      G
               +--------+--------+--------+--------+--------+-----+--------+
         Total |  10974 |  10843 |    131 |   1280 |   7874 |   7 | 1567.7 |
       Dungeon |  10974 |  10843 |    131 |   1280 |   7874 |   7 | 1567.7 |
               +--------+--------+--------+--------+--------+-----+--------+

Top non-repeatable levels by time:
     D:1: 2340 daAuts
     D:2: 1870 daAuts
     D:4: 1765 daAuts
     D:5: 1451 daAuts
     D:3: 1377 daAuts
     D:6: 1346 daAuts
     D:7: 822 daAuts
